 Dungeon Crawl Stone Soup version 0.19-a0-475-gfca3800 (webtiles) character file.

332 Foomius the Grave Robber (level 6, 0/43 HPs)
             Began as a Demonspawn Necromancer on June 4, 2016.
             Succumbed to a worker ant's poison
             ... on level 4 of the Dungeon.
             The game lasted 00:27:52 (4547 turns).

Foomius the Grave Robber (Demonspawn Necromancer)   Turns: 4547, Time: 00:27:52

Health: 0/43       AC:  4    Str:  8    XL:     6   Next: 26%
Magic:  1/9        EV: 13    Int: 17    God:
Gold:   154        SH:  0    Dex: 15    Spells: 5 memorised, 0 levels left

rFire  . . .     SeeInvis .     p - +1 short sword
rCold  . . .     Gourm    .     h - +0 leather armour
rNeg   . . .     Faith    .     (no shield)
rPois  .         Spirit   .     (no helmet)
rElec  .         Dismiss  .     q - +0 cloak
rCorr  .         Reflect  .     (no gloves)
SustAt .         Harm     .     (no boots)
MR     .....                    (no amulet)
Stlth  +++.......               (no ring)
                                s - -2 ring of protection

@: lethally poisoned (0 -> -15), very slightly contaminated, not resistant to
hostile enchantments, fairly stealthy
A: hooves 1, rugged brown scales 2, nightstalker 1
a: no special abilities


You were on level 4 of the Dungeon.
You were very hungry.

You visited 1 branch of the dungeon, and saw 4 of its levels.

You collected 154 gold pieces.

Inventory:

Hand Weapons
 d - a -2 dagger
 p - a +1 short sword (weapon)
 w - a +0 long sword
Missiles
 g - 169 stones (quivered)
Armour
 h - a +0 leather armour (worn)
 q - a +0 cloak (worn)
Jewellery
 m - a cursed -2 ring of protection
 s - a -2 ring of protection (left hand)
Scrolls
 u - a scroll of enchant armour {unknown}
Potions
 o - a potion of cure mutation
Books
 b - a book of Necromancy

   Spells                             Type                      Level
   a - Pain                           Necromancy                   1
   b - Animate Skeleton               Necromancy                   1
   c - Vampiric Draining              Necromancy                   3
   d - Regeneration                   Charms/Necromancy            3
   e - Animate Dead                   Necromancy                   4
   f - Control Undead                 Necromancy                   4
 n - a book of Dreams

   Spells                             Type                      Level
   a - Ensorcelled Hibernation        Hexes/Ice                    2
   b - Silence                        Hexes/Air                    5
   c - Darkness                       Hexes                        6
   d - Shadow Creatures               Summoning                    6
Comestibles
 a - 8 fruits
 c - 3 bread rations
 j - a beef jerky
 l - 3 meat rations


   Skills:
 + Level 0.5 Short Blades
 + Level 3.4 Dodging
 - Level 1.7 Stealth
 - Level 2.5 Spellcasting
 + Level 0.4 Hexes
 - Level 2.3 Charms
 - Level 6.2 Necromancy


You couldn't memorise any spells.
You knew the following spells:

 Your Spells              Type           Power        Failure   Level  Hunger
a - Pain                  Necr           ###.         2%          1    #......
b - Animate Skeleton      Necr           N/A          2%          1    #......
g - Regeneration          Chrm/Necr      ###.......   17%         3    ###....
h - Ensorcelled Hibernat  Hex/Ice        #.....       41%         2    ##.....
v - Vampiric Draining     Necr           ###.......   10%         3    ###....


Dungeon Overview and Level Annotations

Branches:
Dungeon (4/15)
 Temple: D:4-7

Altars:
Sif Muna


Innate Abilities, Weirdness & Mutations

You have large cloven feet.
You are mostly covered in rugged brown scales. (AC +2, +5% HP)
You are slightly more attuned to the shadows.


Message History

You are too injured to fight recklessly!
You are too injured to fight recklessly!
You are too injured to fight recklessly!
You are too injured to fight recklessly!
You are too injured to fight recklessly!
You are too injured to fight recklessly!
You are too injured to fight recklessly!
You are too injured to fight recklessly!
You are too injured to fight recklessly!
You closely miss the worker ant.
You kick the worker ant, but do no damage.
The worker ant is almost dead.
* * * LOW HITPOINT WARNING * * *
You feel sick. The worker ant bites you.
* * * LOW HITPOINT WARNING * * *
You hit the worker ant.
You kill the worker ant!
* * * LOW HITPOINT WARNING * * *
You feel sick.
You die...

#.###....#
#..(...$.####
#.........# ###......#
####
########...#..#.......
#..........#..# .####
#...<......##.###.##
#....<.....#.......#
#....@.....#.....#?...
#..........#.....# #.
#..........#.....# ##
#...(..#####.....#....
#......# #..........
#......# #.....#..##
#......# #l....#.#
#......#####.......
#..........#......#


There were no monsters in sight!

Vanquished Creatures
  An orc wizard (D:3)
  An orc priest (D:3)
  3 worker ants (D:4)
  A hound skeleton (D:4)
  6 adders
  A gnoll (D:1)
  3 worms
  5 dart slugs
  2 giant geckos
  5 orcs
  12 bats
  4 giant cockroaches
  13 goblins
  6 hobgoblins
  7 jackals
  2 quokkas (D:2)
  3 ball pythons
  2 giant newts
  5 kobolds
  9 rats
91 creatures vanquished.

Vanquished Creatures (collateral kills)
  An adder (D:3)
  A worm (D:3)
  A giant gecko (D:3)
  An orc (D:3)
  A giant cockroach (D:3)
5 creatures vanquished.

Grand Total: 96 creatures vanquished

Notes
Turn   | Place    | Note
--------------------------------------------------------------
     0 | D:1      | Foomius the Demonspawn Necromancer began the quest for the Orb.
     0 | D:1      | Reached XP level 1. HP: 13/13 MP: 3/3
   316 | D:1      | Gained mutation: You are partially covered in rugged brown scales. (AC +1, +3% HP) [demonic ancestry]
   316 | D:1      | Reached XP level 2. HP: 12/19 MP: 1/5
   861 | D:1      | Reached skill level 5 in Necromancy
   895 | D:1      | Reached XP level 3. HP: 6/24 MP: 0/6
   901 | D:1      | Learned a level 3 spell: Vampiric Draining
   905 | D:1      | Learned a level 3 spell: Regeneration
  2046 | D:2      | Reached skill level 1 in Charms
  2046 | D:2      | Gained mutation: You have large cloven feet. [demonic ancestry]
  2046 | D:2      | Reached XP level 4. HP: 22/30 MP: 1/7
  2413 | D:3      | Found a deep blue altar of Sif Muna.
  2848 | D:2      | Learned a level 1 spell: Animate Skeleton
  3394 | D:3      | Gained mutation: You are slightly more attuned to the shadows. [demonic ancestry]
  3394 | D:3      | Reached XP level 5. HP: 35/36 MP: 5/8
  3893 | D:4      | Reached skill level 6 in Necromancy
  4185 | D:4      | Gained mutation: You are mostly covered in rugged brown scales. (AC +2, +5% HP) [demonic ancestry]
  4185 | D:4      | Reached XP level 6. HP: 34/43 MP: 6/9
  4287 | D:4      | Learned a level 2 spell: Ensorcelled Hibernation
  4368 | D:4      | Noticed an orc warrior
  4546 | D:4      | HP: 1/43 [poisoned by a worker ant]
  4547 | D:4      | Succumbed to a worker ant's poison

Vault maps used:
D:1:      tarquinn_simple_flora_water_d
D:2:      kennysheep_potato
D:3:      lemuel_crystal_altar, first_bread
D:4:      nrook_loot_triangle

Skill      XL: |  1  2  3  4  5 |
---------------+----------------+-----
Necromancy     | 5 6 |  6.2
Dodging        | 2 3 |  3.4
Charms         | 1 2 |  2.3
Short Blades   | |  0.5
Stealth        | |  1.7
Spellcasting   | |  2.5
Hexes          | |  0.4

Action                   |  1- 3 |  4- 6 || total
-------------------------+-------+-------++-------
Melee: Dagger            |    26 |    45 ||    71
       Kick              |       |    15 ||    15
       Short sword       |       |    30 ||    30
       Long sword        |       |     6 ||     6
Throw: Stone             |    11 |     9 ||    20
 Cast: Pain              |    67 |    89 ||   156
       Animate Skeleton  |       |    11 ||    11
       Vampiric Draining |       |     7 ||     7
       Regeneration      |       |     1 ||     1
  Use: Scroll            |       |     9 ||     9
       Potion            |       |     8 ||     8
 Stab: Sleeping          |     1 |     3 ||     4
  Eat: Meat ration       |     1 |       ||     1
       Chunk             |       |     8 ||     8
Armor: Robe              |     1 |       ||     1
       Leather armour    |     8 |    29 ||    37
Dodge: Dodged            |    24 |    78 ||   102
